 Dungeon Crawl Stone Soup version 0.17.0-1-g61d176b (console) character file.

139 gw the Skirmisher (level 5, 0/41 HPs)
             Began as a Demonspawn Fighter on Nov 7, 2015.
             Killed from afar by an orc wizard (2 damage)
             ... with a puff of frost
             ... on level 3 of the Dungeon.
             The game lasted 00:03:29 (3130 turns).

gw the Skirmisher (Demonspawn Fighter)              Turns: 3130, Time: 00:03:29

Health: 0/41       AC:  8    Str: 21    XL:     5   Next: 1%
Magic:  0/5        EV:  7    Int: 10    God:
Gold:   77         SH:  9    Dex: 13    Spells: 0 memorised, 4 levels left

rFire  . . .     SeeInvis .     a - +0 flail
rCold  . . .     Clarity  .     b - +0 scale mail
rNeg   . . .     SustAt   .     c - +0 shield
rPois  .         Gourm    .     f - +0 helmet
rElec  .         Spirit   +     (no cloak)
rCorr  .         Warding  .     (no gloves)
rMut   .         Stasis   .     (no boots)
MR     .....                    (no amulet)
Stlth  ..........               (no ring)
                                (no ring)

@: mighty, not resistant to hostile enchantments, extremely unstealthy
A: claws 1, magic shield
a: no special abilities


You were on level 3 of the Dungeon.
You were not hungry.

You visited 1 branch of the dungeon, and saw 3 of its levels.

You collected 77 gold pieces.

Inventory:

Hand Weapons
 a - a +0 flail (weapon)
Missiles
 g - 25 bolts
Armour
 b - a +0 scale mail (worn)
 c - a +0 shield (worn)
 f - a +0 helmet (worn)
Comestibles
 e - 2 bread rations


   Skills:
 + Level 3.6 Fighting
 * Level 3.2 Maces & Flails
 + Level 3.3 Armour
 + Level 3.3 Shields


You had 4 spell levels left.
You didn't know any spells.

Dungeon Overview and Level Annotations

Branches:
Dungeon (3/15)

Altars:
Ashenzari
Elyvilon


Innate Abilities, Weirdness & Mutations

You have sharp fingernails.
When hurt, damage is shared between your health and your magic reserves.


Message History

The magic dart hits you! The orc barely misses you. Something hits you.
Something hits you but does no damage. The orc hits you with a flail.
Unknown command.
Unknown command.
Unknown command.
Unknown command.
ATTACK MOVE TO (1,1)
You closely miss the orc. Something hits you but does no damage.
Something hits you but does no damage. Something hits you.
You block the orc's attack. Something hits you.
Unknown command.
Unknown command.
Unknown command.
Unknown command.
ATTACK MOVE TO (1,1)
You closely miss the orc. Something hits you but does no damage.
You hear some strange, mumbled words.
A puff of frost appears from out of thin air!
The puff of frost hits you!
You die...

.......(..( ......####.
........... .....######
........... #####.#####
..... ######### .####
#6.o....###
#)oo..........
..#####o.............
......#..............##
......'.....>..........
......#..........####'##
......#..........#......
..... #..........#......
..... #..........#......


You could see an orc priest and 3 orcs.

Table legend:
 A = Turns spent in this place as a percentage of turns spent in the entire game.
 B = Non-inter-level travel turns spent in this place as a percentage of non-inter-level travel turns spent in the entire game.
 C = Inter-level travel turns spent in this place as a percentage of turns spent in this place.
 D = Turns resting spent in this place as a percentage of non-inter-level travel turns spent in this place.
 E = Turns spent auto-exploring this place as a percentage of non-inter-level travel turns spent in this place.
 F = Non-inter-level travel turns spent in this place divided by the number of levels of this place that you've seen.
                   A       B       C       D       E      F
               +-------+-------+-------+-------+-------+----------------------
         Total | 100.0 | 100.0 |   0.6 |   1.1 |   2.1 | 1613.3
       Dungeon | 100.0 | 100.0 |   0.6 |   1.1 |   2.1 | 1613.3
               +-------+-------+-------+-------+-------+----------------------

Table legend:
 A = Kills in this place as a percentage of kills in entire the game.
 B = Kills by you in this place as a percentage of kills by you in the entire game.
 C = Kills by friends in this place as a percentage of kills by friends in the entire game.
 D = Other kills in this place as a percentage of other kills in the entire game.
 E = Experience gained in this place as a percentage of experience gained in the entire game.
 F = Experience gained in this place divided by the number of levels of this place that you have seen.
                   A       B       C       D       E      F
               +-------+-------+-------+-------+-------+----------------------
         Total | 100.0 | 100.0 |  -nan |  -nan | 100.0 |  66.3
       Dungeon | 100.0 | 100.0 |  -nan |  -nan | 100.0 |  66.3
               +-------+-------+-------+-------+-------+----------------------

Vanquished Creatures
  Terence (D:2)
  4 adders
  2 worms (D:2)
  A giant gecko (D:1)
  An orc (D:3)
  5 bats (D:2)
  16 goblins
  8 hobgoblins
  4 jackals (D:1)
  10 kobolds
  A quokka (D:2)
  A ball python (D:1)
  3 giant cockroaches
  4 giant newts
  6 rats
67 creatures vanquished.

Vanquished Creatures (others)
  An orc (D:3)
  A quokka (D:3)
2 creatures vanquished.

Grand Total: 69 creatures vanquished

Notes
Turn   | Place    | Note
--------------------------------------------------------------
     0 | D:1      | gw the Demonspawn Fighter began the quest for the Orb.
     0 | D:1      | Reached XP level 1. HP: 18/18 MP: 1/1
   315 | D:1      | Gained mutation: When hurt, damage is shared between your health and your magic reserves. [demonic ancestry]
   315 | D:1      | Reached XP level 2. HP: 20/24 MP: 2/2
  1186 | D:1      | Gained mutation: You have sharp fingernails. [demonic ancestry]
  1186 | D:1      | Reached XP level 3. HP: 27/29 MP: 3/3
  1978 | D:2      | Reached XP level 4. HP: 35/35 MP: 4/4
  2000 | D:2      | Noticed Terence
  2007 | D:2      | Killed Terence
  2623 | D:2      | Found a shattered altar of Ashenzari.
  3101 | D:3      | Found a white marble altar of Elyvilon.
  3126 | D:3      | Reached XP level 5. HP: 17/41 MP: 2/5
  3129 | D:3      | HP: 2/41 [something (3)]
  3130 | D:3      | Killed from afar by an orc wizard

Action                   |  1- 3 |  4- 6 || total
-------------------------+-------+-------++-------
Melee: Flail             |   134 |   119 ||   253
  Use: Potion            |       |     1 ||     1
  Eat: Chunk             |     4 |     4 ||     8

Vault maps used:
D:1:      dpeg_arrival_morbid_curiosity, minmay_surrounded
D:2:      kennysheep_six_static_rooms, evilmike_ruin_ashenzari, uniq_terence
D:3:      grunt_temple_overflow_champion_of_chaos, elyvilon_altar_4,
          tgw_kikubaaqudgha, uniq_jessica
